Map: [ESL] Oceanborn

Players

Maplez

  • Race: Protoss Protoss
  • Spawn Location: 5:00

Future - Winner!

  • Race: Terran Terran
  • Spawn Location: 11:00

Event: ESL SC2 Masters 2023 Winter (Finals)

VOD

Have the link to the VOD?

Description

Time

  • Played on: Dec. 15, 2023, 3:31 p.m.
  • Length: 13:23

All games in this series

Show
View Real Time Build Order
Export as new Build Order

Maplez Protoss 

Build Orders: 1 Gate Expand, Oracle Opening, Phoenix Opening, Colossus Rush 

Get SALT Encoding   

  12  0:00  Probe  
  13  0:12  Probe  
  14  0:17  Pylon  
  14  0:24  Probe (Chrono Boost)  
  16  0:36  Gateway, Probe (Chrono Boost)  
  16  0:42  Probe (Chrono Boost)  
  16  0:45  Assimilator  
  17  0:50  Probe  
  18  1:03  Probe  
  19  1:15  Probe  
  20  1:23  Cybernetics Core  
  20  1:24  Zealot  
  22  1:40  Nexus  
  22  1:47  Pylon  
  22  1:50  Probe  
  23  1:57  Assimilator  
  23  2:04  Adept (Chrono Boost)  
  23  2:05  Probe  
  26  2:17  Probe  
  27  2:24  Stargate  
  27  2:26  Adept (Chrono Boost)  
  29  2:33  Probe  
  29  2:47  Probe (Chrono Boost)  
  30  2:51  Adept  
  30  2:54  Probe (Chrono Boost)  
  32  3:02  Probe (Chrono Boost)  
  32  3:03  Probe (Chrono Boost)  
  33  3:05  Oracle (Chrono Boost)  
  33  3:09  Probe  
  33  3:12  Probe  
  37  3:14  Pylon  
  38  3:21  Probe  
  38  3:24  Probe  
  38  3:26  Pylon  
  40  3:33  Probe  
  41  3:36  Probe  
  44  3:41  Phoenix (Chrono Boost)  
  44  3:47  Probe  
  45  3:48  Probe  
  45  3:52  Robotics Facility  
  45  3:54  Assimilator  
  46  3:59  Probe  
  46  4:00  Assimilator  
  46  4:02  Warp Gate  
  47  4:03  Probe  
  48  4:11  Probe  
  48  4:13  Phoenix (Chrono Boost)  
  48  4:15  Probe  
  49  4:23  Probe  
  50  4:26  Gateway  
  50  4:27  Probe  
  50  4:28  Shield Battery  
  51  4:35  Probe  
  52  4:38  Phoenix (Chrono Boost)  
  52  4:39  Probe  
  52  4:40  Observer  
  52  4:42  Pylon  
  56  4:47  Probe  
  56  4:49  Robotics Bay  
  57  4:58  Phoenix (Chrono Boost)  
  57  4:59  Pylon  
  60  5:06  Immortal  
  63  5:14  Probe x2  
  63  5:18  Phoenix (Chrono Boost)  
  66  5:23  Observer  
  66  5:26  Pylon  
  66  5:38  Nexus  
  66  5:39  Phoenix (Chrono Boost)  
  68  5:47  Probe x2  
  70  5:55  Colossus (Chrono Boost)  
  75  5:58  Phoenix (Chrono Boost)  
  75  6:01  Shield Battery  
  75  6:03  Sentry  
  79  6:07  Probe  
  79  6:08  Probe  
  79  6:10  Pylon  
  81  6:16  Extended Thermal Lance  
  79  6:19  Probe  
  79  6:20  Probe  
  79  6:22  Gateway  
  79  6:24  Gateway  
  81  6:31  Probe  
  81  6:32  Twilight Council  
  82  6:39  Probe  
  83  6:41  Forge  
  83  6:43  Probe, Pylon  
  84  6:51  Colossus (Chrono Boost)  
  90  6:55  Probe  
  90  6:56  Pylon, Probe  
  92  7:03  Probe  
  93  7:09  Probe  
  93  7:10  Pylon  
  93  7:12  Gateway x2  
  92  7:16  Phoenix  
  92  7:19  Sentry  
  92  7:20  Shield Battery  
  92  7:21  Charge (Chrono Boost)  
  96  7:25  Pylon  
  96  7:31  Pylon  
  96  7:35  Colossus (Chrono Boost)  
  102  7:39  Stalker  
  102  7:40  Stalker  
  106  7:46  Photon Cannon, Protoss Ground Weapons Level 1 (Chrono Boost)  
  106  7:48  Probe  
  108  7:53  Shield Battery  
  107  8:02  Zealot, Gateway  
  107  8:03  Gateway  
  108  8:07  Probe  
  108  8:10  Gateway  
  107  8:13  Probe  
  107  8:16  Zealot x2, Pylon  
  112  8:24  Pylon  
  114  8:28  Observer (Chrono Boost)  
  113  8:34  Phoenix  
  113  8:37  Zealot x6  
  113  8:39  Pylon  
  126  8:41  Assimilator x2  
  126  8:46  Templar Archives  
  126  8:50  Observer  
  126  8:57  Observer  
  126  8:58  Zealot x4  
  126  8:59  Zealot x2  
  138  9:06  Pylon  
  138  9:07  Pylon  
  138  9:11  Observer  
  138  9:13  Zealot x2  
  139  9:28  High Templar x2  
  139  9:29  High Templar x2  
  147  9:36  Observer  
  147  9:38  Warp Prism (Chrono Boost)  
  125  9:39  Zealot x2, Archon  
  125  9:40  Zealot, Archon  
  133  9:46  Probe x2  
  131  9:55  Zealot  
  131  10:03  High Templar x3  
  131  10:04  High Templar, Zealot x3  
  131  10:06  Protoss Ground Weapons Level 2 (Chrono Boost)  
  145  10:09  Pylon  
  145  10:14  Archon x2  
  144  10:22  Pylon  
  144  10:26  Zealot x4  
  152  10:33  Zealot  
  154  10:36  Zealot x3  
  154  10:52  Nexus  
  154  10:55  Photon Cannon  
  154  10:56  Zealot  
  154  10:57  Zealot x5, Pylon  
  142  10:59  Probe  
  142  11:03  Observer (Chrono Boost)  
  144  11:06  Robotics Facility  
  130  11:14  Blink (Chrono Boost)  
  114  11:21  Disruptor (Chrono Boost)  
  114  11:24  Forge  
  118  11:27  Probe x2  
  119  11:34  Stalker x5  
  119  11:37  Sentry, High Templar x2  
  135  11:40  Probe  
  135  11:41  Archon  
  135  11:42  Probe  
  137  11:50  Disruptor  
  141  11:57  Pylon  
  141  11:58  Warp Prism (Chrono Boost)  
  143  12:02  High Templar x3  
  143  12:04  High Templar  
  143  12:08  Archon x2, Shield Battery  
  151  12:14  Zealot  
  151  12:15  Zealot  
  155  12:22  Disruptor (Chrono Boost), Zealot x2  
  159  12:31  Disruptor (Chrono Boost)  
  148  12:39  Stalker x3  
  134  12:46  Probe  
  134  12:50  Zealot x5  
  115  12:55  Probe  
  115  12:57  Probe  
  95  13:06  Stalker x2  
  97  13:16  Zealot x4  
Show
View Real Time Build Order
Export as new Build Order

Future Terran - Winner!

Build Orders: Cyclone Opening 

Get SALT Encoding   

  12  0:00  SCV  
  13  0:12  SCV  
  14  0:17  Supply Depot  
  14  0:24  SCV  
  15  0:38  SCV  
  15  0:40  Barracks  
  16  0:44  Refinery  
  16  0:50  SCV  
  16  0:54  Refinery  
  17  1:02  SCV  
  18  1:15  SCV  
  19  1:27  Orbital Command, Reaper  
  20  1:38  Supply Depot  
  20  1:41  Factory  
  20  1:53  SCV  
  21  1:59  Reaper  
  22  2:05  SCV  
  23  2:18  SCV  
  24  2:25  Command Center  
  26  2:30  Hellion  
  26  2:31  SCV  
  26  2:34  Barracks Reactor  
  27  2:45  Supply Depot  
  27  2:47  SCV  
  28  2:52  Cyclone  
  30  3:01  SCV  
  30  3:05  Starport  
  31  3:11  Marine  
  31  3:12  Marine  
  33  3:13  SCV  
  34  3:24  Widow Mine  
  34  3:25  SCV  
  37  3:30  Marine x2  
  38  3:37  SCV  
  39  3:43  Orbital Command  
  39  3:45  Widow Mine, Medivac  
  42  3:50  SCV  
  42  3:52  Marine  
  42  3:53  Marine  
  45  4:01  Supply Depot  
  45  4:02  SCV  
  46  4:04  Orbital Command  
  45  4:14  SCV  
  45  4:15  Factory Tech Lab  
  42  4:17  Viking  
  44  4:25  Marine x2  
  44  4:26  SCV  
  44  4:28  Barracks  
  48  4:31  SCV  
  48  4:33  Bunker  
  48  4:38  SCV  
  49  4:43  Siege Tank, SCV  
  53  4:50  SCV  
  53  4:52  Supply Depot, Marine  
  55  4:53  Marine  
  55  4:55  SCV  
  55  4:57  Starport Tech Lab  
  57  5:02  SCV  
  58  5:08  SCV  
  58  5:12  Engineering Bay  
  59  5:15  Raven, Supply Depot  
  59  5:18  Barracks  
  59  5:20  SCV  
  62  5:22  SCV  
  62  5:23  Marine x2  
  62  5:26  Stimpack, Marine  
  62  5:28  Factory Reactor  
  64  5:32  SCV  
  64  5:33  Refinery  
  64  5:34  SCV  
  66  5:38  Supply Depot  
  66  5:39  Missile Turret  
  66  5:42  Terran Infantry Weapons Level 1  
  65  5:44  SCV  
  65  5:46  SCV  
  65  5:47  Missile Turret  
  67  5:54  Marine x3  
  67  5:56  SCV  
  71  5:58  SCV  
  71  6:00  Refinery  
  71  6:03  Supply Depot  
  70  6:13  Marine x2  
  70  6:14  Marine x2  
  74  6:21  Combat Shield  
  72  6:27  Factory Reactor  
  72  6:30  Marine  
  72  6:31  Marine  
  76  6:33  Marauder x2  
  76  6:34  Medivac x2  
  76  6:36  Supply Depot  
  76  6:38  Supply Depot  
  81  6:48  Marine x2  
  87  6:54  Marauder x2  
  87  6:55  Command Center  
  87  7:02  Supply Depot x2  
  87  7:06  Widow Mine  
  87  7:07  SCV x2, Widow Mine  
  93  7:09  Marine x2  
  93  7:10  Medivac x2  
  93  7:11  Concussive Shells  
  99  7:18  Marauder x2  
  99  7:21  SCV x2  
  105  7:27  Marine x2  
  105  7:28  Widow Mine x2  
  111  7:34  SCV x2  
  113  7:45  Barracks  
  113  7:46  Barracks  
  113  7:48  Marauder x2, Marine x2  
  119  7:53  SCV x2  
  119  7:55  Terran Infantry Armor Level 1  
  121  8:01  Medivac  
  121  8:02  Medivac  
  126  8:05  SCV  
  126  8:06  SCV  
  125  8:15  Supply Depot, Marauder x2  
  125  8:17  SCV, Marine  
  125  8:18  Marine  
  132  8:21  SCV  
  133  8:32  SCV  
  133  8:33  SCV  
  134  8:39  Barracks Reactor, Barracks Tech Lab  
  134  8:43  Orbital Command  
  134  8:46  Missile Turret  
  134  8:49  Marine x4  
  134  8:51  Medivac  
  134  8:52  Medivac  
  134  8:54  SCV x2  
  144  8:57  Supply Depot  
  144  8:58  Supply Depot  
  144  9:00  Supply Depot  
  144  9:06  Armory  
  144  9:07  Marine, Engineering Bay  
  145  9:10  SCV x3  
  145  9:12  Refinery  
  145  9:13  Refinery  
  148  9:22  SCV x2, Starport  
  148  9:26  Marine  
  148  9:34  Marine x2, Marauder x3  
  139  9:40  Ghost Academy  
  139  9:42  Viking x2  
  135  9:50  Marine  
  135  9:51  Marine  
  135  9:52  Marine  
  137  9:59  Terran Infantry Weapons Level 2  
  139  10:00  Terran Infantry Armor Level 2  
  139  10:01  Terran Ship Weapons Level 1  
  139  10:03  Marine  
  139  10:04  Marine x2  
  139  10:05  Marine  
  141  10:08  Viking, Marine x2  
  141  10:10  Marine  
  146  10:14  Viking x2  
  146  10:18  Viking  
  152  10:21  Marine  
  153  10:29  Ghost  
  153  10:30  Ghost x2  
  153  10:34  Supply Depot, Marine x3  
  162  10:36  Supply Depot  
  162  10:43  Viking  
  162  10:44  Marine  
  160  10:52  Marine  
  160  10:54  Marine x2  
  154  10:59  Orbital Command, Marauder x3  
  154  11:00  Viking  
  154  11:02  Marine  
  162  11:06  Viking  
  162  11:09  Marine  
  150  11:12  Marine x2  
  150  11:15  Viking  
  150  11:18  Viking  
  142  11:20  Marine x3  
  142  11:21  Marauder  
  147  11:27  Marine  
  147  11:30  Marine  
  149  11:37  Ghost x2  
  153  11:40  Viking  
  153  11:41  Ghost  
  153  11:43  Viking  
  153  11:44  Marine x2  
  161  11:53  Marine x2  
  163  11:55  Factory Reactor  
  163  12:02  Marine x2  
  163  12:05  Supply Depot  
  163  12:07  Supply Depot, Marauder x2  
  169  12:10  Marauder  
  169  12:11  Marine x2  
  172  12:24  Marine x2  
  172  12:28  Marauder x2  
  178  12:32  Marauder  
  178  12:33  Marine x2  
  169  12:42  Marine x2  
  161  12:49  Marauder  
  161  12:50  Marine, Marauder  
  161  12:51  Marine  
  154  12:53  Marauder  
  152  13:00  Marine x2  
  152  13:04  Command Center  
Tags
 
Add a new tag
Caveats
  • Supply blocks, unpowered buildings, or Contaminate may cause inaccurate times.
  • Supply counts are checked every 10 seconds.